 Dungeon Crawl Stone Soup version 0.26-a0-1132-ge9770dfcb6 (webtiles) character file.

Game seed: 17221920989721273016

10896 voltaire321 the Destroyer (level 11, -22/91 (94) HPs)
             Began as a Green Draconian Conjurer on Dec 20, 2020.
             Was a High Priest of Sif Muna.
             Annihilated by a boulder beetle (39 damage)
             ... on level 10 of the Dungeon.
             The game lasted 01:05:34 (13315 turns).

voltaire321 the Destroyer (DrCj)                   Turns: 13315, Time: 01:05:35

HP:   -22/91 (94)   AC: 10    Str: 10    XL:     11   Next: 42%
MP:   22/22         EV: 19    Int: 22    God:    Sif Muna [*****.]
Gold: 603           SH: 12    Dex: 27    Spells: 21/24 levels left

rFire    . . .     SeeInvis .   O - +8 short sword (venom)
rCold    . . .     Faith    .   a - +0 buckler
rNeg     . . .     Spirit   .   (armour unavailable)
rPois    +         Reflect  +   (helmet restricted)
rElec    .         Harm     .   (no cloak)
rCorr    .         Rampage  .   f - +2 pair of gloves
Will     .....                  (no boots)
Stlth    +++.......             F - amulet "Luit" {Reflect Dex+6 SH+5}
HPRegen  0.25/turn              m - +6 ring of dexterity
MPRegen  0.18/turn              z - +6 ring of dexterity

@: lightly drained
A: breathe noxious fumes, unfitting armour, poison resistance, cold-blooded, AC
+7
a: Breathe Noxious Fumes, Renounce Religion, Channel Magic, Forget Spell, Divine
Exegesis


You were on level 10 of the Dungeon.
You worshipped Sif Muna.
Sif Muna was extremely pleased with you.
You visited 1 branch of the dungeon, and saw 11 of its levels.

You collected 603 gold pieces.

Inventory:

Hand Weapons
 N - a +4 dagger
 O - a +8 short sword of venom (weapon)
Armour
 a - a +0 buckler (worn)
 f - a +2 pair of gloves (worn)
 B - a +0 kite shield
Jewellery
 m - a +6 ring of dexterity (left hand)
 x - an uncursed amulet of reflection {unknown}
 z - a +6 ring of dexterity (right hand)
 F - the amulet "Luit" (around neck) {Reflect Dex+6 SH+5}
   (You found it on level 6 of the Dungeon)

   [amulet of reflection]

   It shields you and reflects attacks.
   It affects your dexterity (+6).
   It affects your SH (+5).
 G - an uncursed ring of see invisible
Wands
 w - a wand of polymorph (21)
 y - a wand of random effects (21)
 I - a wand of disintegration (13)
 J - a wand of flame (22)
 L - a wand of paralysis (11)
 P - a wand of acid (16)
Scrolls
 b - 7 scrolls of remove curse
 c - 2 scrolls of identify
 e - 3 scrolls of enchant armour
 g - 3 scrolls of teleportation
 i - 3 scrolls of amnesia
 j - 2 scrolls of fear
 l - a scroll of blinking {unknown}
 o - 2 scrolls of magic mapping
 r - 2 scrolls of immolation
 t - a scroll of fog
Potions
 d - 2 potions of brilliance {unknown}
 h - a potion of heal wounds
 k - 2 potions of magic
 n - 3 potions of might {unknown}
 p - 5 potions of haste
 q - a potion of cancellation {unknown}
 s - a potion of berserk rage
 u - a potion of invisibility {unknown}
 v - 4 potions of curing
 A - a potion of lignification
 E - a potion of resistance
 H - 2 potions of attraction {unknown}
 M - 2 potions of degeneration {unknown}


   Skills:
 + Level 8.1 Fighting
 + Level 7.0 Dodging
 - Level 1.7 Stealth
 + Level 7.0 Shields
 + Level 7.3 Spellcasting
 + Level 8.6 Conjurations
 + Level 8.0 Invocations


You had 21 spell levels left.
You knew the following spells:

 Your Spells              Type           Power        Failure   Level
a - Magic Dart            Conj           100%         1%          1
b - Searing Ray           Conj           92%          1%          2

Your spell library contained the following spells:

 Spells                   Type           Power        Failure   Level
 Shock                    Conj/Air       100%         1%          1
 Dazzling Flash           Conj/Hex       54%          4%          3
 Corpse Rot               Necr/Air       N/A          12%         2
 Sublimation of Blood     Necr           4%           12%         2
 Fulminant Prism          Conj/Hex       13%          13%         4
 Iskenderun's Mystic Bla  Conj/Tloc      27%          13%         4
 Lightning Bolt           Conj/Air       13%          36%         5
 Silence                  Hex/Air        4%           91%         5
 Tornado                  Air            4%           100%        9


Dungeon Overview and Level Annotations

Branches:
Dungeon (11/15)            Temple (0/1) D:6             Orc (0/2) D:9
   Lair: D:8-11

Altars:
Dithmenos
Elyvilon
Fedhas
Qazlal
Sif Muna
Vehumet
Xom
The Shining One

Annotations:
D:7 2 transporters
D:11 Urug


Innate Abilities, Weirdness & Mutations

You can breathe blasts of noxious fumes.
Your lurid green scales are hard. (AC +7)
You cannot fit into any form of body armour.
Your system is resistant to poisons. (rPois)
You are cold-blooded and may be slowed by cold attacks.


Message History

The boulder beetle misses you. You block Josephine's attack.
You block Josephine's attack.
The boulder beetle curls into a ball and begins rolling!
Josephine casts a spell at you.
The ghostly flame explodes!
The ghostly fireball engulfs you!
You feel drained.
* * * LOW HITPOINT WARNING * * *
You kill Josephine!
Sif Muna accepts your kill.
Your Dodging skill increases to level 7!
Your Shields skill increases to level 7!
Your Invocations skill increases to level 8!
The boulder beetle closely misses you.
The boulder beetle stops rolling and uncurls.
The boulder beetle leaps!
The boulder beetle bites you but does no damage.
The boulder beetle curls into a ball and begins rolling!
There is a stone staircase leading up here.
The boulder beetle hits you!!!
You die...

#.............#####..#
#....#.#..).....###..#
####)#...............# ######
#.###........###.## .....# #.#
#..#...### #.# ####.#
#(###..#...# #.# #.#
#.........## #.# #.#
####...####### #.# # #.#
#@B○......###.#### #.#
#...#####......... #.# ##..#
#####..... #.# ##..# #####.
#.# #...# ## #.# #...# # #.#
#...############## #.#
#.....(......†....
#.###########..###############


You could see a boulder beetle.

Vanquished Creatures
  Erolcha (D:9)
  Josephine (D:10)
  Harold (D:9)
  A boulder beetle (D:10)
  A shadow (D:11)
  3 wraiths
  2 wyverns
  8 yaks
  Duvessa (D:7)
  3 sky beasts
  6 orc warriors
  2 black bears
  5 ice beasts
  A necrophage (D:6)
  4 ogres
  2 phantoms
  A wolf (D:11)
  4 centaurs
  A big kobold (D:7)
  7 bullfrogs
  A wyvern zombie (D:9)
  A water moccasin zombie (D:8)
  Dowan (D:7)
  8 scorpions
  11 wights
  8 howler monkeys
  A bullfrog zombie (D:11)
  2 centaur zombies
  5 hounds
  3 jellies
  7 orc priests
  7 orc wizards
  Jessica (D:2)
  3 centaur skeletons
  4 iguanas
  12 worker ants
  A hound skeleton (D:7)
  A worker ant zombie (D:9)
  10 gnolls
  A howler monkey skeleton (D:7)
  8 adders
  4 shadow imps
  2 white imps
  4 ufetubi
  An ooze (D:5)
  4 adder skeletons
  4 worms
  The ghost of Pooter the Covert, a weakling GnDe (D:5)
  2 dart slugs
  6 leopard geckos
  40 orcs
  2 giant cockroaches (D:2)
  3 goblins
  5 hobgoblins
  5 jackals
  10 kobolds
  6 quokkas
  2 ball pythons
  10 bats
  5 frilled lizards
  A jackal zombie (D:6)
  A leopard gecko skeleton (D:4)
  A leopard gecko zombie (D:7)
  2 quokka skeletons (D:5)
  3 quokka zombies (D:5)
  10 rats
285 creatures vanquished.

Vanquished Creatures (others)
  18 fungi (D:11)
  24 plants (D:11)
42 creatures vanquished.

Grand Total: 327 creatures vanquished

Notes
Turn   | Place    | Note
-------+----------+-------------------------------------------
     0 | D:1      | voltaire321 the Draconian Conjurer began the quest for the
                  | Orb.
     0 | D:1      | Reached XP level 1. HP: 14/14 MP: 3/3
   593 | D:1      | Reached XP level 2. HP: 22/22 MP: 1/5
   825 | D:2      | Reached skill level 1 in Shields
   828 | D:2      | Learned a level 2 spell: Searing Ray
   986 | D:2      | Noticed Jessica
   993 | D:2      | Killed Jessica
   994 | D:2      | Reached skill level 1 in Fighting
   994 | D:2      | Reached XP level 3. HP: 21/28 MP: 0/6
  1275 | D:2      | Found a shimmering blue altar of Sif Muna.
  1275 | D:2      | Found a radiant altar of Vehumet.
  1284 | D:2      | Became a worshipper of Sif Muna the Loreminder
  1771 | D:3      | Found a glowing golden altar of the Shining One.
  1950 | D:3      | Reached XP level 4. HP: 35/35 MP: 1/7
  1998 | D:3      | Noticed an ice beast
  2130 | D:3      | Reached * piety under Sif Muna
  2602 | D:3      | Killed an ice beast
  2603 | D:3      | Reached skill level 1 in Invocations
  2603 | D:3      | Reached XP level 5. HP: 8/41 MP: 1/8
  3397 | D:4      | Reached XP level 6. HP: 41/48 MP: 3/10
  3787 | D:4      | Your scales start taking on a lurid green colour.
  3787 | D:4      | Reached XP level 7. HP: 56/56 MP: 4/11
  3787 | D:4      | Gained mutation: Your system is resistant to poisons.
                  | (rPois) [Green Draconian growth]
  3943 | D:4      | Reached skill level 5 in Conjurations
  3986 | D:4      | Reached ** piety under Sif Muna
  4789 | D:5      | Entered Level 5 of the Dungeon
  5193 | D:5      | Found a runed translucent gate.
  5200 | D:5      | Found a runed translucent gate.
  5287 | D:5      | Found a runed translucent gate.
  5289 | D:5      | Noticed Pooter's ghost (weakling GnDe)
  5439 | D:5      | Reached XP level 8. HP: 52/66 MP: 7/13
  5583 | D:5      | Found a shimmering altar of Xom.
  6079 | D:5      | Killed Pooter's ghost
  6295 | D:6      | Got a crude garnet amulet
  6299 | D:6      | Identified the amulet "Luit" {Reflect Dex+6 SH+5} (You
                  | found it on level 6 of the Dungeon)
  6897 | D:6      | Reached *** piety under Sif Muna
  6898 | D:6      | Reached skill level 5 in Fighting
  7242 | D:6      | Found a staircase to the Ecumenical Temple.
  7850 | D:7      | Found a transporter.
  7866 | D:7      | Found a transporter.
  8002 | D:7      | Noticed Dowan
  8003 | D:7      | Noticed Duvessa
  8014 | D:7      | Killed Dowan
  8015 | D:7      | Reached XP level 9. HP: 74/74 MP: 10/16
  8031 | D:7      | Killed Duvessa
  8032 | D:7      | Reached skill level 5 in Invocations
  8206 | D:7      | Reached skill level 5 in Spellcasting
  8453 | D:7      | Reached skill level 5 in Dodging
  9611 | D:8      | Found a blossoming altar of Fedhas.
  9614 | D:8      | Found a stormy altar of Qazlal.
  9633 | D:8      | Reached **** piety under Sif Muna
  9906 | D:9      | Noticed Harold
  9931 | D:9      | Killed Harold
  9932 | D:9      | Reached skill level 5 in Shields
 10001 | D:8      | Reached XP level 10. HP: 60/84 MP: 3/18
 10251 | D:9      | Found a white marble altar of Elyvilon.
 10251 | D:9      | Noticed Erolcha
 10262 | D:9      | Killed Erolcha
 10365 | D:9      | Found a shadowy altar of Dithmenos.
 11020 | D:9      | Found a staircase to the Orcish Mines.
 11146 | D:10     | Entered Level 10 of the Dungeon
 11311 | D:10     | Reached ***** piety under Sif Muna
 11787 | D:10     | Reached XP level 11. HP: 91/92 MP: 21/21
 12170 | D:11     | Noticed a boulder beetle
 12244 | D:11     | Identified Sif Muna's Catalogue of Flying Stolen Souls (Sif
                  | Muna gifted it to you on level 11 of the Dungeon)
 12244 | D:11     | Received a gift from Sif Muna
 12246 | D:11     | Noticed Josephine
 12443 | D:10     | Killed a boulder beetle
 12745 | D:11     | Noticed Urug
 12749 | D:11     | Noticed a boulder beetle
 13304 | D:10     | Killed Josephine
 13315 | D:10     | Annihilated by a boulder beetle

Illustrated notes

Levels and vault maps discovered:
D:1:      scummos_arrival_gate, layout_loops_ring, serial_forest,
          infiniplex_forest_straight_2, infiniplex_forest_lined_3_way,
          infiniplex_forest_lined_room_, infiniplex_forest_straight_1,
          infiniplex_forest_lined_2, infiniplex_forest_clump_medium,
          infiniplex_forest_lined_room_3, infiniplex_forest_clump_long,
          grunt_decor_resistance, st_stairs_6
D:2:      layout_loops_ring, chequers_temple_overflow_statue_of_worship,
          minmay_domino_4, uniq_jessica
D:3:      layout_loops_ring, nrook_campfire, st_stairs_5, tso_metal_star
D:4:      minmay_opposing_rooms, layout_basic
D:5:      layout_basic, nicolae_overflow_hidden_temple, gammafunk_ghost_split,
          serial_corexii_hall, chequers_hall_statues_corner_a,
          corexii_hall_statues_l
D:6:      layout_loops_ring, lemuel_temple_firewalk_b, minmay_checkerbox
D:7:      gammafunk_steamed_eel, layout_loops_corners, water_maze_lemuel,
          uniq_duvessa
D:8:      layout_cave_pools, grunt_temple_overflow_forces_of_nature
D:9:      layout_roguey, nicolae_overflow_crystal_walls,
          grunt_dithmenos_smoke_and_mirrors, uniq_erolcha, uniq_harold
D:10:     layout_loops_ring
D:11:     layout_rooms, grunt_lair_entry_orc_guard_hut, uniq_josephine,
          uniq_urug, uniq_grum

Skill      XL: |  1  2  3  4  5  6  7  8  9 10 11 |
---------------+----------------------------------+-----
Dodging        | 2 3 4 5 6 7 |  7.0
Shields        | 1 2 3 4 5 6 7 |  7.0
Fighting       | 1 2 3 5 6 7 8 |  8.1
Invocations    | 1 2 3 4 6 7 8 |  8.0
Spellcasting   | 3 4 5 6 7 |  7.3
Conjurations   | 5 6 7 8 |  8.6
Stealth        | |  1.7

Action                   |  1- 3 |  4- 6 |  7- 9 | 10-12 || total
-------------------------+-------+-------+-------+-------++-------
Melee: Whip              |    10 |    16 |   124 |       ||   150
       Dagger            |    26 |    22 |     4 |    24 ||    76
       Tailslap          |     3 |     7 |    30 |    45 ||    85
       Short sword       |       |       |       |   192 ||   192
 Cast: Magic Dart        |    48 |    29 |   103 |    41 ||   221
       Searing Ray       |     4 |    19 |    63 |    37 ||   123
 Abil: Breathe Noxious F |       |       |       |     1 ||     1
Evoke: Wand              |       |       |     1 |       ||     1
  Use: Scroll            |     5 |       |     9 |    10 ||    24
       Potion            |       |       |     1 |     1 ||     2
 Stab: Sleeping          |     1 |     1 |     9 |     6 ||    17
       Confused          |       |       |       |     1 ||     1
       Distracted        |       |       |       |     1 ||     1
Armor: Skin              |    16 |    13 |    36 |    40 ||   105
Dodge: Dodged            |    24 |    47 |   100 |   160 ||   331
Block: Buckler           |       |       |   107 |   134 ||   241
       Reflection        |       |       |     9 |     4 ||    13

Table legend: (Time is in decaauts)
 A = Elapsed time spent in this place.
 B = Non-inter-level travel time spent in this place.
 C = Inter-level travel time spent in this place.
 D = Time resting spent in this place.
 E = Time spent auto-exploring this place.
 F = Levels seen in this place.
 G = Mean time per level.
                   A        B        C        D        E       F      G
               +--------+--------+--------+--------+--------+-----+--------+
         Total |  13371 |  12853 |    518 |   3986 |   5659 |  11 | 1215.5 |
       Dungeon |  13371 |  12853 |    518 |   3986 |   5659 |  11 | 1215.5 |
               +--------+--------+--------+--------+--------+-----+--------+

Top non-repeatable levels by time:
    D:10: 1949 daAuts
     D:4: 1647 daAuts
     D:3: 1584 daAuts
     D:7: 1542 daAuts
     D:5: 1365 daAuts
     D:9: 1231 daAuts
     D:6: 1216 daAuts
     D:8: 1013 daAuts
     D:1: 781 daAuts
     D:2: 780 daAuts
    D:11: 259 daAuts
